Map: Línea Aguablanca EE

Players

CamRon - Winner!

  • Race: Protoss Protoss
  • Spawn Location: 1:00

Siron - Winner!

  • Race: Terran Terran
  • Spawn Location: 12:00

Mensrea - Winner!

  • Race: Zerg Zerg
  • Spawn Location: 1:00

MrFercho

  • Race: Zerg Zerg
  • League: Silver
  • Spawn Location: 7:00

tigro

  • Race: Terran Terran
  • League: Bronze
  • Spawn Location: 6:00

TATORREA

  • Race: Protoss Protoss
  • League: Silver
  • Spawn Location: 7:00

VOD

Have the link to the VOD?

Description

Time

  • Played on: June 17, 2020, 8:52 p.m.
  • Length: 14:10
Show
View Real Time Build Order
Export as new Build Order

CamRon Protoss - Winner!

Build Orders:  

Get SALT Encoding   

  12  0:01  Probe  
  13  0:15  Pylon  
  13  0:23  Probe  
  14  0:33  Forge  
  14  0:35  Probe  
  15  0:43  Probe  
  16  0:51  Probe  
  17  1:03  Probe  
  18  1:15  Probe  
  19  1:24  Assimilator  
  19  1:27  Probe  
  19  1:29  Gateway  
  20  1:33  Pylon  
  21  1:40  Probe  
  21  1:42  Assimilator  
  21  1:52  Probe  
  22  2:00  Gateway  
  22  2:04  Probe  
  22  2:07  Photon Cannon  
  23  2:09  Photon Cannon  
  23  2:16  Probe  
  23  2:18  Cybernetics Core  
  24  2:29  Pylon  
  24  2:30  Protoss Ground Weapons Level 1  
  24  2:35  Warp Gate  
  24  2:48  Gateway  
  24  3:08  Gateway, Pylon  
  24  3:37  Probe  
  29  4:09  Photon Cannon  
  29  4:11  Photon Cannon  
  25  4:29  Protoss Ground Armor Level 1  
  25  4:30  Stalker x2  
  25  4:31  Zealot x2  
  33  4:46  Twilight Council  
  33  4:53  Stalker  
  33  4:54  Stalker  
  33  4:55  Zealot x2  
  39  5:28  Stalker x2  
  39  5:29  Stalker, Zealot  
  39  6:01  Blink  
  39  6:04  Zealot x4  
  43  6:27  Robotics Facility  
  43  6:36  Protoss Shields Level 1  
  43  6:46  Nexus  
  43  7:03  Pylon  
  43  7:08  Probe  
  44  7:13  Zealot  
  46  7:20  Probe  
  47  7:25  Stalker x2  
  51  7:48  Zealot x2  
  55  8:02  Robotics Bay  
  55  8:08  Pylon  
  55  8:09  Pylon  
  55  8:12  Probe  
  56  8:24  Probe  
  57  8:36  Probe, Protoss Ground Weapons Level 2  
  58  8:44  Probe  
  58  8:45  Protoss Air Weapons Level 1  
  59  8:50  Assimilator  
  59  8:52  Probe  
  59  8:53  Assimilator  
  60  9:03  Probe  
  47  9:15  Probe  
  33  9:27  Probe  
  33  9:29  Stalker x2  
  38  9:39  Probe  
  38  9:45  Stargate  
  39  9:51  Probe  
  40  9:54  Pylon  
  40  9:55  Probe  
  40  9:57  Pylon  
  41  10:02  Zealot  
  41  10:03  Probe, Zealot  
  46  10:07  Probe  
  47  10:14  Stargate  
  47  10:15  Probe, Stargate  
  47  10:19  Probe  
  49  10:27  Probe  
  50  10:31  Probe  
  50  10:35  Stalker  
  53  10:39  Probe  
  53  10:41  Phoenix  
  54  10:43  Probe  
  57  10:51  Probe  
  57  10:56  Photon Cannon  
  57  11:02  Photon Cannon  
  57  11:03  Stalker x2, Phoenix  
  57  11:04  Photon Cannon  
  63  11:21  Phoenix  
  63  11:22  Phoenix x2  
  67  11:43  Phoenix  
  67  11:44  Phoenix x2  
  67  11:45  Protoss Air Armor Level 1  
  73  11:59  Stalker x2  
  77  12:02  Nexus  
  77  12:08  Phoenix  
  79  12:09  Phoenix x2  
  83  12:16  Pylon  
  83  12:18  Pylon  
  83  12:33  Phoenix  
  83  12:34  Phoenix  
  87  13:00  Stalker  
  87  13:01  Stalker  
  91  13:15  Probe x3  
  94  13:27  Probe x3  
  97  13:39  Probe x3  
Show
View Real Time Build Order
Export as new Build Order

Siron Terran - Winner!

Build Orders: Mech 

Get SALT Encoding   

  12  0:01  SCV  
  13  0:13  SCV  
  14  0:21  Supply Depot  
  14  0:25  SCV  
  15  0:35  Refinery  
  15  0:44  SCV  
  15  0:48  Barracks  
  16  0:56  SCV  
  17  1:01  Refinery  
  17  1:08  SCV  
  18  1:20  SCV  
  19  1:32  SCV  
  20  1:43  Marine  
  21  1:58  Command Center  
  21  2:02  SCV  
  22  2:18  Marine  
  22  2:22  Refinery  
  23  2:29  Supply Depot  
  23  2:47  Factory  
  23  2:50  SCV  
  24  3:03  Orbital Command  
  24  3:12  SCV  
  25  3:22  Refinery  
  25  3:24  SCV  
  26  3:37  SCV  
  27  3:46  SCV  
  28  3:49  SCV  
  29  4:05  SCV x2  
  31  4:11  Factory Tech Lab  
  31  4:19  Armory  
  31  4:31  SCV  
  31  4:36  Siege Tank  
  35  4:43  Supply Depot  
  35  4:53  Starport  
  35  4:55  SCV  
  35  4:57  SCV  
  37  5:07  SCV  
  39  5:15  Orbital Command  
  39  5:17  Siege Tank  
  39  5:19  SCV  
  42  5:29  Factory  
  42  5:35  SCV  
  43  5:39  Factory, Terran Vehicle Weapons Level 1  
  43  5:43  Starport Reactor  
  43  5:47  SCV x2  
  43  5:49  Thor  
  51  6:06  SCV  
  52  6:18  Factory Tech Lab  
  52  6:23  Factory Tech Lab  
  52  6:30  Viking  
  54  6:39  Supply Depot x2  
  54  6:41  Supply Depot  
  54  6:42  Supply Depot  
  54  7:00  Viking, Thor x2  
  54  7:01  SCV x2  
  70  7:03  Viking, Thor  
  70  7:04  Command Center  
  78  7:13  Armory, SCV x2  
  80  7:21  Supply Depot  
  80  7:24  Supply Depot  
  80  7:27  Supply Depot  
  80  7:38  Viking  
  80  7:42  SCV x2  
  80  7:43  Siege Tank x2  
  90  7:45  Thor  
  96  7:58  Viking  
  98  8:08  Supply Depot  
  98  8:10  Terran Vehicle And Ship Armor Level 1  
  98  8:11  Supply Depot  
  98  8:15  Thor, Terran Vehicle Weapons Level 2  
  104  8:22  SCV  
  104  8:26  SCV x2  
  107  8:31  Viking  
  107  8:34  Viking, SCV  
  111  8:38  SCV  
  113  9:05  Thor x3  
  113  9:06  Viking  
  113  9:07  Viking  
  135  9:12  Supply Depot  
  135  9:16  Supply Depot  
  135  9:17  Supply Depot  
  135  9:27  Starport  
  135  9:36  SCV x3  
  138  9:42  Refinery  
  138  9:44  Refinery  
  138  9:48  SCV x2  
  138  9:51  Orbital Command  
  140  10:00  SCV  
  140  10:01  Supply Depot  
  140  10:04  Terran Ship Weapons Level 1  
  140  10:05  Supply Depot  
  141  10:07  Engineering Bay  
  141  10:09  SCV  
  141  10:12  Viking x2, SCV  
  147  10:15  Thor  
  147  10:17  Siege Tank  
  156  10:21  SCV  
  156  10:23  Siege Tank  
  160  10:42  Viking  
  108  11:25  Thor x3  
  114  11:26  Viking  
  114  11:27  Viking  
  130  12:11  Viking x2  
  134  12:20  Starport Reactor  
  134  12:38  Command Center  
  134  12:41  Viking x2  
  135  13:06  Thor x3  
Show
View Real Time Build Order
Export as new Build Order

Mensrea Zerg - Winner!

Build Orders: Pool First 

Get SALT Encoding   

  12  0:04  Drone  
  13  0:22  Extractor  
  13  0:26  Drone  
  13  0:27  Drone  
  14  0:30  Overlord  
  14  0:50  Spawning Pool  
  14  0:54  Drone  
  14  0:55  Drone  
  15  1:04  Extractor  
  15  1:05  Drone  
  15  1:13  Drone  
  16  1:23  Drone  
  17  1:45  Zergling x2  
  18  1:51  Hatchery  
  17  1:57  Zergling x2  
  17  1:59  Overlord  
  18  2:15  Drone x2  
  20  2:33  Drone  
  21  2:40  Zergling x2  
  22  2:47  Overlord  
  22  3:05  Zergling x4  
  24  3:08  Lair  
  24  3:10  Zergling x2  
  25  3:24  Evolution Chamber  
  25  3:25  Zergling x4  
  26  3:41  Drone x3  
  26  3:42  Drone  
  30  3:53  Drone x2, Spore Crawler  
  31  3:58  Extractor  
  31  4:00  Extractor  
  29  4:12  Drone x3  
  32  4:26  Zergling x2  
  32  4:27  Spire  
  32  4:33  Overseer  
  32  4:36  Overseer  
  32  4:45  Zergling x4  
  34  4:46  Drone x3  
  37  4:59  Drone  
  39  5:00  Drone x2  
  40  5:14  Drone  
  40  5:15  Drone  
  40  5:18  Zerg Melee Weapons Level 1  
  42  5:31  Drone x2, Infestation Pit  
  42  5:32  Overlord, Drone  
  44  5:41  Zerg Flyer Weapons Level 1  
  44  5:46  Overlord  
  44  6:02  Mutalisk  
  46  6:08  Mutalisk  
  48  6:27  Drone x4  
  48  6:28  Drone x2  
  48  6:30  Hatchery  
  53  6:42  Mutalisk  
  53  6:43  Mutalisk  
  57  6:50  Overlord x2  
  57  7:05  Hive  
  57  7:08  Mutalisk x2  
  61  7:20  Mutalisk x2  
  65  7:29  Zergling x4  
  67  7:33  Drone x2  
  69  7:43  Metabolic Boost  
  69  7:53  Extractor  
  69  7:55  Drone x4  
  69  7:56  Drone x2  
  74  7:59  Extractor  
  74  8:04  Mutalisk x2  
  74  8:05  Mutalisk  
  79  8:22  Mutalisk  
  81  8:41  Overlord  
  81  8:42  Overlord x7  
  81  9:06  Drone x3  
  81  9:07  Drone x3  
  87  9:11  Corruptor  
  89  9:19  Corruptor x3  
  95  9:29  Mutalisk x2  
  99  9:33  Drone  
  100  9:44  Corruptor x3  
  106  9:53  Zerg Flyer Armor Level 1  
  106  9:55  Zerg Ground Armor Level 1  
  106  10:02  Corruptor x3  
  106  10:03  Corruptor x3  
  118  10:09  Mutalisk  
  118  10:10  Mutalisk  
  118  10:14  Overlord  
  108  10:31  Drone x2  
  108  10:32  Drone  
  91  10:55  Corruptor x2  
  79  11:11  Corruptor x2  
  79  11:12  Corruptor  
  83  11:36  Corruptor x4  
  87  11:50  Mutalisk x3  
  93  12:05  Zergling x4  
  95  12:22  Mutalisk  
  95  12:23  Mutalisk x3  
  102  12:37  Hatchery  
  102  12:44  Mutalisk x4  
  107  12:55  Corruptor  
  107  12:56  Corruptor  
  111  13:01  Zergling x2  
  112  13:09  Corruptor x2  
  112  13:33  Zergling x4  
  112  13:34  Zergling x4  
  115  13:44  Mutalisk x2  
Show
View Real Time Build Order
Export as new Build Order

MrFercho Zerg 

Build Orders: Hatch First 

Get SALT Encoding   

  12  0:05  Drone  
  13  0:21  Overlord  
  13  0:26  Drone  
  14  0:53  Hatchery  
  13  0:59  Drone x3  
  16  1:19  Spawning Pool  
  16  1:25  Drone x2  
  17  1:32  Drone  
  18  1:46  Drone  
  19  1:49  Extractor  
  18  1:55  Drone  
  19  2:04  Drone  
  19  2:05  Drone  
  21  2:17  Drone x2  
  23  2:26  Drone  
  24  2:43  Drone x3  
  27  2:46  Drone  
  28  2:58  Overlord x2  
  28  3:15  Queen x2  
  28  3:16  Drone x2  
  28  3:17  Drone  
  35  3:22  Extractor  
  35  3:23  Extractor, Drone x2  
  35  3:31  Drone x2  
  37  3:42  Drone x2  
  37  3:46  Extractor  
  38  3:50  Drone  
  39  3:56  Lair  
  39  4:07  Drone x3  
  42  4:18  Roach Warren  
  42  4:23  Drone x2  
  43  4:25  Drone  
  44  4:31  Overlord  
  44  4:32  Overlord x3  
  44  4:52  Drone x2  
  46  4:53  Drone x2  
  48  5:27  Roach x10  
  68  5:34  Spine Crawler  
  67  5:39  Spine Crawler  
  67  5:42  Spine Crawler, Spore Crawler  
  56  6:13  Drone x2  
  56  6:14  Drone x2  
  60  6:23  Spire  
  59  6:38  Overlord x10  
  59  7:00  Hatchery  
  58  7:04  Extractor, Drone x2  
  58  7:05  Extractor, Drone  
  59  7:17  Hatchery x2  
  59  7:20  Hatchery  
  59  7:21  Drone x4  
  59  7:22  Hatchery, Glial Reconstitution  
  59  7:27  Hatchery  
  56  8:01  Mutalisk x3  
  56  8:02  Mutalisk x7  
  76  8:15  Drone x6  
  82  8:23  Zerg Flyer Weapons Level 1  
  82  8:37  Mutalisk x12  
  106  9:02  Mutalisk x4  
  106  9:03  Mutalisk x12  
  138  9:26  Drone x2  
  138  9:27  Drone x4  
  144  9:51  Mutalisk x7  
  158  10:11  Overlord x2  
  158  10:12  Overlord  
  158  10:28  Evolution Chamber x2  
  156  10:30  Zerg Flyer Weapons Level 2  
  156  10:35  Infestation Pit  
  89  11:08  Mutalisk x4  
  89  11:09  Mutalisk x8  
  103  11:20  Hive  
  103  11:45  Extractor  
  103  11:47  Hatchery  
  101  11:48  Drone x14  
  101  11:49  Drone x6  
  101  11:51  Drone x3  
  101  11:52  Extractor, Drone x3  
  126  12:11  Mutalisk  
  126  12:12  Mutalisk x9  
  146  12:20  Hatchery  
  146  12:21  Extractor  
  146  12:22  Metabolic Boost  
  142  12:24  Extractor  
  97  12:42  Zergling x4  
  97  12:43  Zergling x42  
  102  13:09  Mutalisk x8  
  81  13:29  Zergling x34  
  81  13:30  Zergling x20  
  98  13:42  Zergling x2  
  98  13:43  Zergling x36  
Show
View Real Time Build Order
Export as new Build Order

tigro Terran 

Build Orders:  

Get SALT Encoding   

  12  0:02  SCV  
  13  0:14  SCV  
  14  0:24  Supply Depot  
  14  0:26  SCV  
  15  0:36  Refinery  
  15  0:45  SCV  
  16  0:52  Barracks  
  16  0:57  SCV  
  16  1:01  Refinery  
  17  1:09  SCV  
  18  2:52  Orbital Command  
  18  5:23  Barracks Reactor  
Show
View Real Time Build Order
Export as new Build Order

TATORREA Protoss 

Build Orders: Carriers 

Get SALT Encoding   

  12  0:01  Probe  
  13  0:13  Probe  
  14  0:20  Pylon  
  14  0:25  Probe  
  15  0:38  Probe  
  16  0:49  Gateway  
  16  0:53  Probe  
  17  1:00  Assimilator  
  17  1:01  Probe  
  18  1:13  Probe  
  19  1:21  Probe  
  19  1:22  Assimilator  
  20  1:29  Probe  
  20  1:37  Pylon  
  20  1:39  Probe  
  22  1:50  Cybernetics Core  
  22  1:51  Probe  
  22  1:52  Gateway  
  23  2:04  Probe  
  24  2:16  Probe  
  24  2:28  Probe  
  25  2:40  Probe  
  25  2:42  Warp Gate  
  26  2:45  Stalker x2  
  30  2:52  Probe  
  31  3:01  Pylon  
  31  3:02  Nexus  
  31  3:04  Pylon  
  31  3:12  Pylon  
  31  3:16  Pylon  
  31  3:19  Stalker x2, Probe  
  36  3:20  Pylon  
  36  3:23  Nexus  
  36  3:24  Pylon  
  36  3:31  Probe  
  37  3:34  Stargate  
  37  3:37  Stargate  
  37  3:43  Probe  
  38  3:56  Probe  
  38  4:01  Stalker x2  
  43  4:08  Probe  
  44  4:17  Probe  
  44  4:20  Probe  
  46  4:25  Fleet Beacon  
  46  4:29  Probe  
  47  4:32  Probe  
  47  4:35  Probe  
  49  4:41  Probe  
  49  4:44  Probe  
  51  4:47  Probe  
  52  4:53  Probe  
  52  4:54  Gateway  
  52  4:56  Probe  
  52  4:57  Gateway  
  52  4:59  Gateway, Probe  
  55  5:01  Assimilator  
  55  5:05  Assimilator, Probe  
  56  5:08  Probe  
  56  5:11  Probe  
  55  5:15  Stalker x2  
  53  5:27  Probe  
  53  5:28  Probe x2  
  52  5:39  Probe  
  52  5:40  Probe x2  
  51  5:47  Stalker x2  
  55  5:53  Probe x3  
  55  5:55  Carrier x2  
  58  6:05  Probe x3  
  72  6:35  Probe x3  
  75  6:40  Nexus  
  75  6:43  Pylon  
  76  6:47  Probe x3  
  76  6:48  Stalker  
  76  6:49  Stalker  
  81  6:59  Probe x3  
  81  7:01  Carrier  
  90  7:06  Pylon  
  90  7:07  Pylon x2  
  89  7:14  Probe x3  
  92  7:20  Carrier  
  92  7:26  Probe x3  
  101  7:38  Probe x3  
  101  7:40  Stalker x2  
  101  7:41  Stalker  
  101  7:42  Stalker  
  103  7:47  Assimilator  
  103  7:52  Assimilator  
  103  7:55  Carrier  
  92  8:18  Carrier  
  97  8:48  Protoss Air Weapons Level 1  
  97  8:54  Carrier  
  95  9:12  Carrier, Probe  
  95  9:13  Probe x2  
  96  9:25  Probe x3  
  99  9:37  Stalker  
  101  9:47  Assimilator  
  101  9:53  Nexus  
  101  9:56  Pylon  
  101  10:14  Probe x3  
  104  10:20  Pylon  
  104  10:23  Pylon  
  104  10:26  Pylon, Probe x3  
  104  10:27  Assimilator  
  107  10:28  Assimilator  
  107  10:34  Assimilator  
  107  10:38  Probe x3  
  107  10:39  Carrier  
  107  10:41  Carrier  
  122  10:50  Probe x2  
  104  11:29  Carrier  
  104  11:31  Carrier  
  86  11:51  Probe x3  
  89  11:56  Stalker x2  
  89  11:57  Stalker x2  
  97  12:03  Probe x3  
  100  12:27  Carrier  
  100  12:30  Carrier  
  100  12:32  Stalker x2  
  100  12:34  Pylon  
  116  12:39  Pylon  
  116  12:43  Pylon  
Tags
 
Add a new tag
Caveats
  • Supply blocks, unpowered buildings, or Contaminate may cause inaccurate times.
  • Supply counts are checked every 10 seconds.